 Dungeon Crawl Stone Soup version 0.26.0-15-gc6cd9f700b (webtiles) character file.

Game seed: 12091319752799376928

730 oldmanjim the Shield-Bearer (level 7, -8/62 HPs)
             Began as a Deep Dwarf Fighter on Jan 16, 2021.
             Mangled by an orc warrior
             ... wielding a +0 halberd
              (17 damage)
             ... on level 6 of the Dungeon.
             The game lasted 00:35:18 (4720 turns).

oldmanjim the Shield-Bearer (Deep Dwarf Fighter)    Turns: 4720, Time: 00:35:18

Health: -8/62      AC: 10    Str: 22    XL:     7   Next: 44%
Magic:  6/6        EV:  6    Int:  8    God:
Gold:   172        SH: 11    Dex: 18    Spells: 6/6 levels left

rFire    . . .     SeeInvis .   a - +1 war axe
rCold    . . .     Faith    .   c - +0 kite shield
rNeg     . . .     Spirit   .   p - +0 chain mail
rPois    .         Reflect  .   (no helmet)
rElec    .         Harm     .   (no cloak)
rCorr    .         Rampage  .   i - +0 pair of gloves
Will     +....                  (no boots)
Stlth    ..........             (no amulet)
HPRegen  0.00/turn              o - +6 ring of dexterity
MPRegen  0.10/turn              (no ring)

@: non-regenerating
A: damage resistance, heal wounds, sense surroundings 1, no regeneration
a: Heal Wounds


You were on level 6 of the Dungeon.
You visited 1 branch of the dungeon, and saw 6 of its levels.

You collected 266 gold pieces.
You spent 94 gold pieces at shops.

Inventory:

Hand Weapons
 a - a +1 war axe (weapon)
 b - a +0 hand crossbow
 D - a +0 whip of freezing
Missiles
 g - 34 bolts
 k - 112 stones
 x - 40 sling bullets
Armour
 c - a +0 kite shield (worn)
 i - a +0 pair of gloves (worn)
 p - a +0 chain mail (worn)
 B - a cursed +0 scale mail
Jewellery
 j - an uncursed ring of ice
 o - a +6 ring of dexterity (left hand)
 G - an uncursed amulet of regeneration {unknown}
Wands
 u - a wand of random effects (29)
 w - a wand of paralysis (8)
Scrolls
 f - 3 scrolls of remove curse
 h - a scroll of blinking {unknown}
 n - a scroll of enchant armour {unknown}
 q - 2 scrolls of teleportation
 s - 2 scrolls of fog {unknown}
 t - a scroll of noise {unknown}
 y - a scroll of fear {unknown}
 E - 2 scrolls of identify
 F - a scroll of enchant weapon
 I - a scroll of immolation {unknown}
Potions
 d - a potion of might
 e - 3 potions of mutation
 l - 3 potions of flight {unknown}
 m - 2 potions of curing
 r - a potion of berserk rage
 v - a potion of lignification {unknown}
 z - a potion of ambrosia {unknown}
 A - 2 potions of heal wounds {unknown}
 C - a potion of resistance {unknown}
 H - a potion of haste {unknown}


   Skills:
 - Level 3.0 Fighting
 + Level 5.9 Axes
 - Level 4.0 Armour
 + Level 6.4 Shields
 + Level 4.1 Evocations


You had 6 spell levels left.
You didn't know any spells.
Your spell library was empty.

Dungeon Overview and Level Annotations

Branches:
Dungeon (6/15)             Temple (0/1) D:6

Altars:
Nemelex Xobeh

Shops:
D:5 (


Innate Abilities, Weirdness & Mutations

You are resistant to damage.
You can heal yourself by infusing magical energy.
You passively map a small area around you.
You do not regenerate.


Message History

* * * LOW HITPOINT WARNING * * *
You completely miss the orc warrior. You block the orc warrior's attack.
You barely miss the orc warrior.
The orc warrior hits you with a +0 halberd!
* * * LOW HITPOINT WARNING * * *
You feel much better.
The orc warrior hits you with a +0 halberd!
You are too injured to fight recklessly!
You barely miss the orc warrior. You block the orc warrior's attack.
You hit the orc warrior but do no damage.
You block the orc warrior's attack.
You slash the orc warrior!
The orc warrior is heavily wounded.
The orc warrior barely misses you.
You closely miss the orc warrior.
The orc warrior is heavily wounded.
The orc warrior hits you with a +0 halberd!
* * * LOW HITPOINT WARNING * * *
The orc warrior hits you with a +0 halberd!!
You die...

..*#(. , * ..#.o
.#..o ,... , * ,..
* *#. , ,
#S####### *
#oo@.)..# * * #
#######.# * , #.#
* #.# ## * **
#.#### #. , , *
#....# ##. ,,
*#######.# #.. ,
........#######.#
,
*######.........).


You could see an orc warrior, an adder and an orc.

Vanquished Creatures
  An orc warrior (D:6)
  A centaur (D:5)
  A bullfrog skeleton (D:6)
  2 orc priests (D:4)
  3 orc wizards (D:4)
  A jelly (D:6)
  Terence (D:1)
  A worker ant (D:4)
  Natasha (thrice) (D:3)
  A worker ant zombie (D:5)
  4 gnolls
  8 adders
  An ufetubus (D:6)
  An ooze (D:5)
  4 worms
  A leopard gecko (D:1)
  9 orcs
  4 giant cockroaches
  7 goblins
  9 hobgoblins
  5 jackals
  10 kobolds
  2 quokkas (D:3)
  10 bats
  3 frilled lizards
  2 leopard gecko skeletons (D:4)
  A quokka skeleton (D:4)
  A quokka zombie (D:6)
  10 rats
107 creatures vanquished.

Vanquished Creatures (others)
  A plant (D:1)
1 creature vanquished.

Grand Total: 108 creatures vanquished

Notes
Turn   | Place    | Note
-------+----------+-------------------------------------------
     0 | D:1      | oldmanjim the Deep Dwarf Fighter began the quest for the
                  | Orb.
     0 | D:1      | Reached XP level 1. HP: 20/20 MP: 1/1
   214 | D:1      | Reached XP level 2. HP: 27/27 MP: 2/2
   528 | D:1      | Reached XP level 3. HP: 28/33 MP: 3/3
  1287 | D:2      | Noticed Terence
  1322 | D:1      | Killed Terence
  1323 | D:1      | Reached skill level 4 in Shields
  1323 | D:1      | Reached XP level 4. HP: 22/42 MP: 4/4
  1941 | D:3      | Noticed Natasha
  1948 | D:3      | Killed Natasha
  2159 | D:3      | Reached XP level 5. HP: 22/49 MP: 5/5
  2749 | D:3      | Noticed Natasha
  2755 | D:3      | Killed Natasha
  2756 | D:3      | Reached skill level 5 in Shields
  2792 | D:3      | Noticed Natasha
  2806 | D:3      | Killed Natasha
  2970 | D:4      | Reached XP level 6. HP: 28/56 MP: 6/6
  2989 | D:4      | Reached skill level 1 in Evocations
  3047 | D:4      | Reached skill level 5 in Axes
  3646 | D:5      | Entered Level 5 of the Dungeon
  3751 | D:5      | Reached skill level 6 in Shields
  3751 | D:5      | Reached XP level 7. HP: 54/62 MP: 6/6
  3891 | D:5      | Found Tajuaros's Antique Weapon Shop.
  3900 | D:5      | Bought a hand crossbow for 94 gold pieces
  3953 | D:5      | Found a sparkling altar of Nemelex Xobeh.
  4715 | D:6      | HP: 1/62 [orc warrior/+0 halberd (15)]
  4720 | D:6      | Mangled by an orc warrior

Illustrated notes

Levels and vault maps discovered:
D:1:      minmay_arrival_split_and_join, layout_basic, serial_bayou_pond_b,
          minmay_tetromino_l4
D:2:      layout_loops_ring, minmay_fountain_box, minmay_misc_feat_chi,
          uniq_terence
D:3:      layout_basic, kennysheep_flooded_box, st_stairs_5, uniq_natasha
D:4:      layout_basic, grunt_decor_one_mirror, minmay_misc_feat_square
D:5:      layout_basic, serial_shops, shop, nemelex_spade_bored_becter
D:6:      layout_rooms, minmay_temple_entry_trees, minmay_door_square,
          uniq_edmund

Skill      XL: |  1  2  3  4  5  6  7 |
---------------+----------------------+-----
Fighting       | 3 |  3.0
Armour         | 4 |  4.0
Axes           | 3 4 5 |  5.9
Shields        | 4 5 6 |  6.4
Evocations     | 3 4 |  4.1

Action                   |  1- 3 |  4- 6 |  7- 9 || total
-------------------------+-------+-------+-------++-------
Melee: War axe           |   121 |   210 |    48 ||   379
 Fire: Hand crossbow     |       |       |     4 ||     4
 Abil: Heal Wounds       |       |     3 |     1 ||     4
  Use: Scroll            |       |     6 |       ||     6
Armor: Scale mail        |    62 |     4 |       ||    66
       Chain mail        |       |    84 |    13 ||    97
Dodge: Dodged            |    37 |    36 |    12 ||    85
Block: Kite shield       |    70 |   115 |    29 ||   214
